 Dungeon Crawl Stone Soup version 0.30-a0-578-gdee14c521f (webtiles) character file.

Game seed: 18274732685660727765

966 Newt the Trooper (level 7, -1/54 HPs)
             Began as a Demonspawn Gladiator on Dec 31, 2022.
             Slain by a bullfrog (5 damage)
             ... in a sewer.
             The game lasted 00:06:32 (3628 turns).

Newt the Trooper (Demonspawn Gladiator)             Turns: 3628, Time: 00:06:33

Health: -1/54      AC:  4    Str: 16    XL:     7   Next: 93%
Magic:  12/12      EV: 13    Int: 10    God:
Gold:   229        SH:  0    Dex: 14    Spells: 12/12 levels left

rFire   . . .      SeeInvis .    k - +2 dagger (elec)
rCold   . . .      Faith    .    (no shield)
rNeg    + . .      Spirit   .    b - +0 leather armour
rPois   .          Reflect  .    c - +0 helmet
rElec   .          Harm     .    (no cloak)
rCorr   .          Rampage  .    (no gloves)
Will    .....                    (boots unavailable)
Stlth   ++                       (no amulet)
HPRegen 0.29/turn                p - ring of positive energy
MPRegen 0.13/turn                (no ring)

@: no status effects
A: hooves 3, powered by death 1
a: no special abilities


You were in a sewer.
You visited 1 branch of the dungeon, and saw 5 of its levels.
You also visited: Sewer.

You collected 229 gold pieces.

Inventory:

Hand Weapons
 a - a +0 rapier
 g - a +4 quarterstaff of chaos
 k - a +2 dagger of electrocution (weapon)
Missiles
 q - a javelin (quivered)
Armour
 b - a +0 leather armour (worn)
 c - a +0 helmet (worn)
 e - a +0 cloak
Jewellery
 p - a ring of positive energy (left hand)
Wands
 v - a wand of digging (2)
Scrolls
 f - 2 scrolls of fog
 h - a scroll of silence
 i - a scroll of amnesia
 m - 2 scrolls of identify
 t - a scroll of butterflies {unknown}
 u - a scroll of teleportation
Potions
 j - a potion of berserk rage
 l - a potion of might
 n - a potion of invisibility
 o - 2 potions of brilliance
 s - a potion of heal wounds {unknown}


   Skills:
 - Level 4.0 Fighting
 - Level 4.0 Short Blades
 - Level 3.0 Throwing
 - Level 4.0 Armour
 - Level 4.0 Dodging
 - Level 2.0 Stealth
 + Level 3.3 Spellcasting


You had 12 spell levels left.
You didn't know any spells.
Your spell library contained the following spells:

 Spells                   Type           Power      Damage    Failure   Level
 Magic Dart               Conj           4%         1d3       32%         1
 Searing Ray              Conj           2%         2d4       43%         2
 Summon Guardian Golem    Hex/Summ       1%         N/A       67%         3
 Tukima's Dance           Hex            1%         N/A       67%         3
 Fulminant Prism          Conj/Hex       0%         3d5       97%         4
 Passage of Golubria      Tloc           1%         N/A       97%         4
 Summon Ice Beast         Ice/Summ       1%         N/A       97%         4
 Silence                  Hex/Air        0%         N/A       100%        5
 Summon Mana Viper        Hex/Summ       1%         N/A       100%        5
 Yara's Violent Unravell  Hex/Tmut       0%         3d3       100%        5
 Conjure Ball Lightning   Conj/Air       0%         3x3d6     100%        6
 Monstrous Menagerie      Summ           0%         N/A       100%        7
 Orb of Destruction       Conj           0%         9d5       100%        7
 Spellforged Servitor     Conj/Summ      0%         N/A       100%        7
 Discord                  Hex            0%         N/A       100%        8
 Disjunction              Tloc           0%         N/A       100%        8
 Lehudib's Crystal Spear  Conj/Erth      0%         10d2      100%        8


Dungeon Overview and Level Annotations

Branches:
Dungeon (5/15)              Sewer (1/1)
 Temple: D:4-7

Altars:
Xom

Shops:
D:1 *   D:3 :


Innate Abilities, Weirdness & Mutations

You have hooves in place of feet.
You regenerate a little health from kills.


Message History

The bullfrog closely misses you. The bullfrog completely misses you.
Throw: 3 throwing nets
Press: ? - help, Q - select action, (/) - cycle Shift-Dir - straight line, f/p - bullfrog
Aim: a bullfrog (55% to hit)
You throw a throwing net.
The throwing net closely misses the bullfrog.
You hear a splash.
The bullfrog barely misses you. The bullfrog hits you.
* * * LOW HITPOINT WARNING * * *
The bullfrog closely misses you. x2
Throw: 2 throwing nets
Press: ? - help, Q - select action, (/) - cycle Shift-Dir - straight line, f/p - bullfrog
Aim: a bullfrog (55% to hit)
You throw a throwing net.
The throwing net barely misses the bullfrog.
You hear a splash.
The bullfrog misses you. The bullfrog hits you.
* * * LOW HITPOINT WARNING * * *
Throw: throwing net
Press: ? - help, Q - select action, (/) - cycle Shift-Dir - straight line, f/p - bullfrog
Aim: a bullfrog (55% to hit)
You throw a throwing net. The throwing net hits the bullfrog.
The bullfrog is caught in the net!
You hear a splash.
The bullfrog struggles against the net.
The bullfrog hits you.
* * * LOW HITPOINT WARNING * * *
The bullfrog struggles against the net.
You hit the bullfrog. You kick the bullfrog.
The bullfrog is moderately wounded.
The bullfrog struggles against the net.
The bullfrog barely misses you.
The bullfrog struggles against the net.
The net rips apart, and the bullfrog comes free!
You closely miss the bullfrog. Your kick misses the bullfrog.
The bullfrog is moderately wounded.
The bullfrog hits you.
* * * LOW HITPOINT WARNING * * *
The bullfrog completely misses you.
It was a potion of magic.
Magic courses through your body. The bullfrog closely misses you.
The bullfrog hits you.
You die...

~≈~.# ### #.~≈~.# ~≈~~#
####≈≈≈≈≈≈#### #~≈≈~.# ~≈~.#
##≈≈≈≈≈≈≈≈≈≈≈≈####≈≈≈~†# ~≈~~#
#≈≈≈≈≈≈≈≈≈≈≈~≈≈≈##≈≈≈~~# ~≈~~#
≈≈≈≈≈≈≈≈≈≈≈~∩~~≈≈#≈≈≈~~# ~≈~~#
≈≈≈≈≈~..≈≈~..~≈≈≈≈≈≈≈~~# ~≈~~#
#≈≈≈≈≈.~.??...~~≈≈~≈≈~≈~~# ~≈~~#
#≈≈≈≈≈≈.?[F~~.~≈≈~≈~~~≈~.# ~≈~~#
#≈≈≈≈≈≈≈~@F~~.≈≈(≈≈≈~~≈~~# ~≈~.#
#≈≈≈≈≈≈≈≈~~.~~~~≈≈≈~~~≈~~# ~≈~.#
#≈≈~≈≈≈≈≈≈~~~~≈≈≈≈~~~≈~~# ~≈~~#
#≈≈≈~≈≈≈≈≈≈≈≈≈≈≈≈≈~.~≈~~#
B≈~~#######~≈≈≈≈≈≈≈~~≈≈≈≈≈~.~≈~.#
≈≈~~~~.........~~≈~≈≈~~~†..~~≈~.#
~≈~~~~~~~~~~~~~~~~≈~~≈≈≈~~~~≈≈~.#
~≈≈≈≈≈≈≈≈≈≈≈≈≈≈≈≈≈≈≈≈≈≈≈≈≈≈≈≈~~.#
~≈~~~~~†~~†~~~~~~~†~~~~~~~††~~..#


You could see 2 bullfrogs.

Vanquished Creatures
  Menkaure (D:4)
  3 ogres
  Blork the orc (D:4)
  2 hounds (D:4)
  Crazy Yiuf (D:3)
  4 orc priests (D:4)
  4 orc wizards
  6 adders
  3 gnolls (D:3)
  A river rat (D:5)
  3 worms
  3 dart slugs
  7 orcs
  4 bats
  7 endoplasms
  15 giant cockroaches
  3 goblins
  7 hobgoblins
  15 jackals
  9 kobolds
  3 quokkas
  5 ball pythons
  16 frilled lizards
  12 rats
135 creatures vanquished.

Notes
Turn   | Place    | Note
-------+----------+-------------------------------------------
     0 | D:1      | Newt the Demonspawn Gladiator began the quest for the Orb.
     0 | D:1      | Reached XP level 1. HP: 16/16 MP: 1/1
    77 | D:1      | Found Tudel's General Store.
   117 | D:1      | Reached skill level 1 in Stealth
   184 | D:1      | Gained mutation: You regenerate a little health from kills.
                  | [demonic ancestry]
   184 | D:1      | Reached XP level 2. HP: 21/22 MP: 2/2
   574 | D:1      | Gained mutation: You have large cloven feet. [demonic
                  | ancestry]
   574 | D:1      | Reached XP level 3. HP: 24/28 MP: 3/3
  1118 | D:2      | Gained mutation: You have hoof-like feet. [demonic
                  | ancestry]
  1118 | D:2      | Reached XP level 4. HP: 37/37 MP: 4/4
  1755 | D:3      | Reached XP level 5. HP: 42/42 MP: 5/5
  1755 | D:3      | Noticed an ogre
  1764 | D:3      | HP: 1/42 [something (3)]
  2002 | D:3      | Found Piodotte's Book Shop.
  2012 | D:3      | Killed an ogre
  2192 | D:3      | Found a runed translucent door.
  2193 | D:3      | Noticed Crazy Yiuf
  2201 | D:3      | Killed Crazy Yiuf
  2202 | D:3      | Gained mutation: You have hooves in place of feet. [demonic
                  | ancestry]
  2202 | D:3      | Reached XP level 6. HP: 48/48 MP: 6/6
  2349 | D:4      | Noticed Blork the orc
  2357 | D:4      | Killed Blork the orc
  2553 | D:4      | Reached skill level 1 in Armour
  2715 | D:4      | Reached XP level 7. HP: 54/54 MP: 7/7
  3022 | D:4      | Found a shimmering altar of Xom.
  3022 | D:4      | Found a shimmering altar of Xom.
  3036 | D:4      | Found a shimmering altar of Xom.
  3191 | D:4      | Noticed Menkaure
  3199 | D:4      | Killed Menkaure
  3317 | D:5      | Entered Level 5 of the Dungeon
  3416 | D:5      | Found a glowing drain.
  3420 | Sewer    | Entered a sewer
  3628 | Sewer    | Slain by a bullfrog

Illustrated notes

Levels and vault maps discovered:
D:1:      co_arrival_random_square_maze, layout_basic, serial_shops, shop
D:2:      layout_loops_cross
D:3:      layout_basic, serial_shops, shop, minmay_hedge_maze,
          uniq_crazy_yiuf_cottage
D:4:      layout_loops_ring, xom_redecorated, uniq_menkaure, uniq_blork_the_orc
D:5:      layout_rooms, gup_sewer_entry_spiral
Sewer:    sewer_frog_island_01

Skill      XL: |  1  2  3  4  5  6  7 |
---------------+----------------------+-----
Stealth        | 1 2 |  2.0
Fighting       | 3 4 |  4.0
Short Blades   | 3 4 |  4.0
Throwing       | 3 |  3.0
Dodging        | 3 4 |  4.0
Armour         | 2 4 |  4.0
Spellcasting   | 3 |  3.3

Action                   |  1- 3 |  4- 6 |  7- 9 || total
-------------------------+-------+-------+-------++-------
Melee: Rapier            |    37 |       |       ||    37
       Dagger            |    81 |   108 |   144 ||   333
       Kick              |    10 |    25 |    36 ||    71
       Punch             |     1 |     1 |       ||     2
Throw: Throwing net      |       |     3 |     6 ||     9
       Javelin           |       |     1 |       ||     1
  Use: Scroll            |     2 |     9 |       ||    11
       Potion            |       |       |     1 ||     1
 Stab: Sleeping          |     6 |     3 |     1 ||    10
       Held in net/web   |       |     1 |     1 ||     2
Armor: Leather armour    |    34 |    20 |    36 ||    90
Dodge: Dodged            |    71 |    55 |    85 ||   211

Table legend: (Time is in decaauts)
 A = Elapsed time spent in this place.
 B = Non-inter-level travel time spent in this place.
 C = Inter-level travel time spent in this place.
 D = Time resting spent in this place.
 E = Time spent auto-exploring this place.
 F = Levels seen in this place.
 G = Mean time per level.
                   A        B        C        D        E       F      G
               +--------+--------+--------+--------+--------+-----+--------+
         Total |   3631 |   3555 |     76 |    239 |   2429 |   6 |  605.2 |
       Dungeon |   3391 |   3315 |     76 |    239 |   2340 |   5 |  678.2 |
         Sewer |    240 |    240 |      0 |      0 |     89 |   1 |  240.0 |
               +--------+--------+--------+--------+--------+-----+--------+

Top non-repeatable levels by time:
     D:4: 946 daAuts
     D:3: 923 daAuts
     D:1: 705 daAuts
     D:2: 698 daAuts
   Sewer: 240 daAuts
     D:5: 116 daAuts
